 Dungeon Crawl Stone Soup version 0.20-a0-370-gd6af2a4 (webtiles) character file.

126 pkoi the Chiller (level 4, -2/33 HPs)
             Began as a Draconian Ice Elementalist on Dec 27, 2016.
             Slain by an ogre
             ... wielding a +0 giant club
              (29 damage)
             ... on level 5 of the Dungeon on Dec 28, 2016.
             The game lasted 00:04:30 (2066 turns).

pkoi the Chiller (Draconian Ice Elementalist)       Turns: 2066, Time: 00:04:31

Health: -2/33      AC:  5    Str: 10    XL:     4   Next: 83%
Magic:  7/7        EV: 12    Int: 16    God:
Gold:   100        SH:  0    Dex: 12    Spells: 3/7 levels left

rFire  . . .     SeeInvis .     c - +0 spear
rCold  . . .     Gourm    .     (armour unavailable)
rNeg   . . .     Faith    .     (no shield)
rPois  .         Spirit   .     (helmet restricted)
rElec  .         Reflect  .     (no cloak)
rCorr  .         Harm     .     (no gloves)
MR     .....                    (no boots)
Stlth  ++........               (no amulet)
                                (no ring)
                                (no ring)

@: no status effects
A: unfitting armour, cold-blooded, AC +5
a: no special abilities


You were on level 5 of the Dungeon.
You were not hungry.

You visited 1 branch of the dungeon, and saw 4 of its levels.

You collected 100 gold pieces.

Inventory:

Hand Weapons
 c - a +0 spear (weapon)
Scrolls
 e - a scroll of amnesia {unknown}
 h - a scroll of enchant weapon {unknown}
 k - a scroll of remove curse {unknown}
 l - 2 scrolls of identify {unknown}
 n - 2 scrolls of fear {unknown}
Potions
 d - a potion of curing {unknown}
 f - 2 potions of lignification {unknown}
 i - 2 potions of berserk rage {unknown}
 j - a potion of brilliance {unknown}
 m - a potion of flight {unknown}
Books
 a - a book of Frost

   Spells                             Type                      Level
   a - Freeze                         Ice                          1
   b - Throw Frost                    Conjuration/Ice              2
   c - Ozocubu's Armour               Charms/Ice                   3
   d - Throw Icicle                   Conjuration/Ice              4
   e - Summon Ice Beast               Ice/Summoning                4
Comestibles
 b - 3 bread rations
 g - 2 meat rations
 o - 4 chunks of flesh


   Skills:
 - Level 1.7 Dodging
 - Level 1.7 Stealth
 - Level 2.0 Spellcasting
   Level 1.0 Conjurations
 + Level 5.6 Ice Magic


You had 3 spell levels left.
You knew the following spells:

 Your Spells              Type           Power        Failure   Level  Hunger
a - Freeze                Ice            ###.         1%          1    #......
b - Ozocubu's Armour      Chrm/Ice       ##......     21%         3    ###....


Dungeon Overview and Level Annotations

Branches:
Dungeon (3/15)

Altars:

Annotations:
D:2 Sigmund


Innate Abilities, Weirdness & Mutations

Your plain brown scales are hard. (AC +5)
You cannot fit into any form of body armour.
You are cold-blooded and may be slowed by cold attacks.


Message History

The hound zombie closely misses you. The hound zombie misses you.
You hit the hound zombie.
The hound zombie is almost destroyed.
The hound zombie bites you but does no damage.
You hit the hound zombie.
You destroy the hound zombie!
You see here a quokka corpse.
You butcher the quokka corpse.
o - 4 chunks of flesh (gained 1)
You start resting.
You hear the slow rusting of a distant drain.
You start resting.
You hear the slow rusting of a distant drain.
An ogre comes into view. It is wielding a giant club.
The ogre shouts!
You hit the ogre. You tail-slap the ogre.
The ogre is moderately wounded.
The ogre hits you with a giant club!!
Ouch! That really hurt!
You die...

################
##..............#
................#
#.......###..#
.........#.# ##.#
##.#.###.#.# #.#
# #.#.. #@#
.........O......
#..#.###...###.#
#..#.# #...#
#..#.# #...#
..... #...##
#....


You could see an ogre.

Vanquished Creatures
  A hound zombie (D:5)
  4 adders (D:2)
  2 worms (D:2)
  4 dart slugs
  2 giant cockroaches
  10 hobgoblins
  9 jackals
  7 kobolds
  2 quokkas
  8 bats
  4 frilled lizards
  3 goblins
  4 rats
60 creatures vanquished.

Notes
Turn   | Place    | Note
-------+----------+-------------------------------------------
     0 | D:1      | pkoi the Draconian Ice Elementalist began the quest for the Orb.
     0 | D:1      | Reached XP level 1. HP: 14/14 MP: 3/3
    92 | D:1      | Reached XP level 2. HP: 20/20 MP: 1/5
   267 | D:1      | You fall through a shaft!
   276 | D:2      | Reached skill level 4 in Ice Magic
   493 | D:2      | Reached XP level 3. HP: 23/26 MP: 6/6
   612 | D:2      | Noticed Sigmund
  1198 | D:2      | Reached XP level 4. HP: 18/33 MP: 0/7
  1199 | D:2      | Reached skill level 5 in Ice Magic
  1372 | D:2      | Learned a level 3 spell: Ozocubu's Armour
  1957 | D:3      | You fall through a shaft for 2 floors!
  1957 | D:5      | Entered Level 5 of the Dungeon
  2065 | D:5      | Noticed an ogre
  2066 | D:5      | Slain by an ogre

Vault maps used:
D:1:      dpeg_arrival_tiny_a
D:2:      minmay_tiny_reverse_x, uniq_sigmund
D:3:      first_bread, kennysheep_generic_room_8
D:5:      gup_sewer_entry_pipe

Skill      XL: |  1  2  3  4 |
---------------+-------------+-----
Ice Magic      | 4 5 |  5.6
Dodging        | |  1.7
Stealth        | |  1.7
Spellcasting   | |  2.0
Conjurations   | |  1.0

Action                   |  1- 3 |  4- 6 || total
-------------------------+-------+-------++-------
Melee: Spear             |    91 |    38 ||   129
       Tailslap          |     5 |     5 ||    10
 Cast: Freeze            |    45 |    24 ||    69
 Stab: Sleeping          |     2 |     1 ||     3
  Eat: Chunk             |     2 |     3 ||     5
Armor: Skin              |    36 |    16 ||    52
Dodge: Dodged            |    94 |    30 ||   124
